[ AOE2 MATCH · #477800564 ]
UnrankedKhmer vs Romans
[ REPLAY ANALYSIS · EXTRACTED FROM THE RECORDED GAME ]
Feudal
17:05
Castle
32:20
Imperial
—
| APM avg | 8.8 |
| APM peak | 85 |
| eAPM avg | 7.3 |
| Villagers / military | 90 / 94 |
Focus
⚔️ 30.7% · 🌾 69.3%
Ballista Elephant ×41 · Spearman ×16 · Cavalry Archer ×15 · Scorpion ×12 · Scout Cavalry ×5 · Archer ×2
Feudal
19:03
Castle
29:45
Imperial
44:32
| APM avg | 11.8 |
| APM peak | 37 |
| eAPM avg | 8.5 |
| Villagers / military | 78 / 189 |
Focus
⚔️ 47.6% · 🌾 52.4%
Spearman ×85 · Centurion ×69 · Scorpion ×34 · Trade Cart ×11 · Monk ×1
Feudal
13:44
Castle
24:58
Imperial
35:48
| APM avg | 13.9 |
| APM peak | 58 |
| eAPM avg | 11.1 |
| Villagers / military | 101 / 224 |
Focus
⚔️ 45.6% · 🌾 54.4%
Spearman ×97 · Scorpion ×72 · Scout Cavalry ×36 · Trebuchet (Packed) ×11 · Ballista Elephant ×8
Feudal
—
Castle
—
Imperial
—
| APM avg | 10.0 |
| APM peak | 34 |
| eAPM avg | 7.0 |
| Villagers / military | 186 / 165 |
Focus
⚔️ 31.1% · 🌾 68.9%
Scorpion ×108 · Spearman ×48 · Mangonel ×8 · Trade Cart ×3 · Monk ×1
Match map
Initial resources + every placement click. Lines = walls · curves = elevation contours. ◆ gold · ⬟ stone · ● berries · ✦ relic · ◌ wall gap
Your base· ✓ Closed at 32:20 · 62t walls · no gate
Hanson's base· ✓ Closed at 29:45 · 30t walls · no gate
OLOROSO PETE's base· Open — opponent sealed themselves in
Kjarstad7's base· ✓ Closed at 36:15 · 125t walls · 1 gate(s)
Smoothed initial terrain · ◌ = detected wall gap · hover for details
Inputs per minute
— Aleksander - - Hanson
Build order — Aleksander
First 150 of 318 actions detected
| 0:30 | Research | Loom |
| 0:34 | Create | Villager (Male) |
| 0:34 | Create | Villager (Male) |
| 0:42 | Build | House |
| 0:44 | Build | House |
| 0:45 | Build | House |
| 2:15 | Build | Palisade Wall |
| 2:49 | Create | Villager (Male) |
| 2:49 | Create | Villager (Male) |
| 2:49 | Create | Villager (Male) |
| 3:45 | Build | Palisade Gate |
| 4:05 | Build | Palisade Wall |
| 4:52 | Create | Villager (Male) |
| 4:52 | Create | Villager (Male) |
| 4:52 | Create | Villager (Male) |
| 5:51 | Create | Villager (Male) |
| 5:51 | Create | Villager (Male) |
| 5:51 | Create | Villager (Male) |
| 7:45 | Create | Villager (Male) |
| 7:46 | Create | Villager (Male) |
| 7:46 | Create | Villager (Male) |
| 7:46 | Create | Villager (Male) |
| 7:46 | Create | Villager (Male) |
| 8:42 | Build | Palisade Wall |
| 8:58 | Create | Villager (Male) |
| 8:59 | Create | Villager (Male) |
| 8:59 | Create | Villager (Male) |
| 8:59 | Create | Villager (Male) |
| 9:08 | Build | Mill |
| 9:43 | Create | Villager (Male) |
| 9:43 | Create | Villager (Male) |
| 10:16 | Build | Palisade Wall |
| 11:04 | Build | Lumber Camp |
| 11:25 | Build | Lumber Camp |
| 11:32 | Create | Villager (Male) |
| 11:32 | Create | Villager (Male) |
| 11:32 | Create | Villager (Male) |
| 11:32 | Create | Villager (Male) |
| 11:32 | Create | Villager (Male) |
| 11:41 | Build | House |
| 11:42 | Build | House |
| 12:03 | Create | Villager (Male) |
| 12:03 | Create | Villager (Male) |
| 12:53 | Build | Farm |
| 13:06 | Build | Farm |
| 13:12 | Build | Farm |
| 13:39 | Build | Farm |
| 14:14 | Build | Farm |
| 14:18 | Build | Farm |
| 14:23 | Build | Farm |
| 14:31 | Build | Farm |
| 14:55 | Research | Feudal Age |
| 15:33 | Build | Farm |
| 15:41 | Build | Farm |
| 15:53 | Create | Villager (Male) |
| 15:53 | Create | Villager (Male) |
| 15:53 | Create | Villager (Male) |
| 15:53 | Create | Villager (Male) |
| 15:53 | Create | Villager (Male) |
| 17:05 | Age | Feudal Age |
| 17:08 | Build | Stable |
| 17:17 | Build | Mining Camp |
| 17:25 | Build | Mining Camp |
| 17:28 | Create | Villager (Male) |
| 17:29 | Create | Villager (Male) |
| 17:29 | Create | Villager (Male) |
| 17:29 | Create | Villager (Male) |
| 17:29 | Create | Villager (Male) |
| 17:30 | Create | Villager (Male) |
| 17:30 | Create | Villager (Male) |
| 17:31 | Research | Town Watch |
| 17:45 | Build | Stone Wall |
| 18:05 | Build | Farm |
| 18:41 | Research | Horse Collar |
| 18:46 | Research | Double-Bit Axe |
| 18:48 | Create | Villager (Male) |
| 18:48 | Create | Villager (Male) |
| 18:49 | Create | Villager (Male) |
| 18:49 | Create | Villager (Male) |
| 19:07 | Build | Stone Wall |
| 19:44 | Build | Farm |
| 19:47 | Build | Farm |
| 20:04 | Build | House |
| 20:06 | Build | House |
| 20:08 | Build | House |
| 20:10 | Build | House |
| 20:13 | Build | House |
| 20:14 | Build | House |
| 20:16 | Build | House |
| 20:25 | Create | Villager (Male) |
| 20:25 | Create | Villager (Male) |
| 20:25 | Create | Villager (Male) |
| 20:25 | Create | Villager (Male) |
| 20:26 | Create | Villager (Male) |
| 20:28 | Research | Wheelbarrow |
| 21:02 | Build | Watch Tower |
| 21:09 | Create | Villager (Male) |
| 21:09 | Create | Villager (Male) |
| 21:09 | Create | Villager (Male) |
| 21:09 | Create | Villager (Male) |
| 21:25 | Research | Gold Mining |
| 21:26 | Research | Stone Mining |
| 21:31 | Create | Villager (Male) |
| 21:31 | Create | Villager (Male) |
| 22:01 | Research | Bloodlines |
| 22:09 | Build | Farm |
| 23:15 | Create | Villager (Male) |
| 23:15 | Create | Villager (Male) |
| 23:15 | Create | Villager (Male) |
| 23:22 | Create | Scout Cavalry |
| 23:23 | Create | Scout Cavalry |
| 23:23 | Create | Scout Cavalry |
| 23:23 | Create | Scout Cavalry |
| 23:23 | Create | Scout Cavalry |
| 23:58 | Build | Lumber Camp |
| 25:13 | Build | Market |
| 25:26 | Build | House |
| 25:27 | Build | House |
| 25:29 | Build | House |
| 25:31 | Build | House |
| 25:33 | Build | House |
| 26:07 | Build | Archery Range |
| 26:32 | Research | Castle Age |
| 26:33 | Create | Villager (Male) |
| 26:33 | Create | Villager (Male) |
| 26:33 | Create | Villager (Male) |
| 26:34 | Create | Villager (Male) |
| 26:41 | Build | Farm |
| 27:23 | Build | Archery Range |
| 27:47 | Create | Archer |
| 27:48 | Create | Archer |
| 28:38 | Build | House |
| 28:40 | Build | House |
| 28:41 | Build | House |
| 28:51 | Build | Stable |
| 29:20 | Create | Villager (Male) |
| 29:20 | Create | Villager (Male) |
| 29:21 | Create | Villager (Male) |
| 29:21 | Create | Villager (Male) |
| 29:21 | Create | Villager (Male) |
| 29:21 | Create | Villager (Male) |
| 29:22 | Create | Villager (Male) |
| 29:22 | Create | Villager (Male) |
| 29:22 | Create | Villager (Male) |
| 29:22 | Create | Villager (Male) |
| 29:23 | Create | Villager (Male) |
| 30:12 | Build | Barracks |
| 30:18 | Build | Barracks |
| 31:21 | Build | House |
| 31:22 | Build | House |
Build order — Hanson
First 150 of 414 actions detected
| 0:15 | Build | Palisade Wall |
| 0:28 | Research | Loom |
| 0:28 | Create | Villager (Male) |
| 0:28 | Create | Villager (Male) |
| 0:29 | Create | Villager (Male) |
| 0:29 | Create | Villager (Male) |
| 0:29 | Create | Villager (Male) |
| 0:30 | Create | Villager (Male) |
| 0:37 | Build | House |
| 0:39 | Build | House |
| 2:56 | Create | Villager (Male) |
| 2:56 | Create | Villager (Male) |
| 2:56 | Create | Villager (Male) |
| 3:36 | Build | Mill |
| 4:17 | Build | Palisade Wall |
| 4:46 | Create | Villager (Male) |
| 4:47 | Create | Villager (Male) |
| 4:47 | Create | Villager (Male) |
| 4:47 | Create | Villager (Male) |
| 5:28 | Create | Villager (Male) |
| 7:22 | Create | Villager (Male) |
| 7:22 | Create | Villager (Male) |
| 7:23 | Create | Villager (Male) |
| 8:08 | Create | Villager (Male) |
| 8:08 | Create | Villager (Male) |
| 8:45 | Create | Villager (Male) |
| 8:46 | Create | Villager (Male) |
| 8:52 | Create | Villager (Male) |
| 9:24 | Create | Villager (Male) |
| 9:24 | Create | Villager (Male) |
| 9:24 | Create | Villager (Male) |
| 10:53 | Create | Villager (Male) |
| 10:54 | Create | Villager (Male) |
| 11:30 | Build | Palisade Wall |
| 11:38 | Build | House |
| 12:40 | Build | House |
| 12:41 | Build | House |
| 13:17 | Build | Farm |
| 13:18 | Build | Farm |
| 13:23 | Build | Farm |
| 13:28 | Create | Villager (Male) |
| 13:28 | Create | Villager (Male) |
| 13:36 | Create | Villager (Male) |
| 14:49 | Create | Villager (Male) |
| 14:51 | Create | Villager (Male) |
| 15:01 | Build | Farm |
| 15:34 | Build | Lumber Camp |
| 16:09 | Create | Villager (Male) |
| 16:43 | Build | Farm |
| 16:53 | Research | Feudal Age |
| 17:47 | Create | Villager (Male) |
| 17:48 | Create | Villager (Male) |
| 17:48 | Create | Villager (Male) |
| 18:51 | Build | House |
| 19:03 | Age | Feudal Age |
| 19:11 | Build | Stone Wall |
| 19:31 | Build | Market |
| 19:39 | Create | Villager (Male) |
| 19:39 | Create | Villager (Male) |
| 20:26 | Build | Blacksmith |
| 20:46 | Create | Villager (Male) |
| 20:50 | Create | Villager (Male) |
| 21:25 | Build | Stone Wall |
| 21:39 | Build | House |
| 21:41 | Build | House |
| 21:43 | Build | House |
| 21:44 | Build | House |
| 21:47 | Build | House |
| 22:16 | Build | Barracks |
| 22:20 | Build | Barracks |
| 22:30 | Create | Villager (Male) |
| 22:31 | Create | Villager (Male) |
| 22:31 | Create | Villager (Male) |
| 22:31 | Create | Villager (Male) |
| 22:35 | Create | Villager (Male) |
| 22:35 | Create | Villager (Male) |
| 23:11 | Build | Mining Camp |
| 24:08 | Create | Villager (Male) |
| 24:23 | Build | House |
| 24:25 | Build | House |
| 24:26 | Build | House |
| 24:28 | Build | House |
| 24:41 | Build | Stone Wall |
| 25:02 | Create | Villager (Male) |
| 25:02 | Create | Villager (Male) |
| 25:03 | Create | Villager (Male) |
| 25:04 | Create | Villager (Male) |
| 25:24 | Build | Mining Camp |
| 26:25 | Build | Barracks |
| 26:29 | Build | Barracks |
| 26:34 | Research | Castle Age |
| 26:51 | Build | Mill |
| 27:35 | Research | Stone Mining |
| 28:37 | Build | Barracks |
| 28:54 | Create | Spearman |
| 28:54 | Create | Spearman |
| 28:55 | Create | Spearman |
| 28:56 | Create | Spearman |
| 29:28 | Research | Scale Mail Armor |
| 29:29 | Research | Forging |
| 29:33 | Create | Trade Cart |
| 29:34 | Create | Trade Cart |
| 29:38 | Create | Trade Cart |
| 29:39 | Create | Trade Cart |
| 29:45 | Age | Castle Age |
| 30:20 | Build | University |
| 30:41 | Build | Farm |
| 31:22 | Build | Town Center |
| 31:40 | Build | Town Center |
| 32:10 | Build | Farm |
| 32:11 | Build | Farm |
| 32:12 | Build | Farm |
| 32:13 | Build | Farm |
| 32:16 | Build | Farm |
| 32:38 | Build | Farm |
| 33:03 | Build | Farm |
| 33:31 | Build | Lumber Camp |
| 33:45 | Create | Villager (Male) |
| 33:45 | Create | Villager (Male) |
| 33:45 | Create | Villager (Male) |
| 33:46 | Create | Villager (Male) |
| 33:46 | Create | Villager (Male) |
| 33:46 | Create | Villager (Male) |
| 33:49 | Create | Villager (Male) |
| 33:49 | Create | Villager (Male) |
| 33:49 | Create | Villager (Male) |
| 34:08 | Build | Castle |
| 34:22 | Research | Pikeman (upgrade) |
| 34:28 | Research | Gold Mining |
| 34:54 | Research | Horse Collar |
| 35:39 | Research | Wheelbarrow |
| 36:13 | Research | Fortified Wall (upgrade) |
| 36:41 | Build | Siege Workshop |
| 36:43 | Build | Siege Workshop |
| 36:57 | Create | Villager (Male) |
| 36:57 | Create | Villager (Male) |
| 36:57 | Create | Villager (Male) |
| 37:06 | Create | Villager (Male) |
| 37:19 | Create | Villager (Male) |
| 37:19 | Create | Villager (Male) |
| 37:32 | Build | House |
| 37:34 | Build | House |
| 37:36 | Build | House |
| 37:38 | Build | House |
| 37:40 | Build | House |
| 37:41 | Build | House |
| 37:47 | Build | House |
| 37:49 | Build | House |
| 37:51 | Build | House |
| 37:53 | Build | House |
Build order — OLOROSO PETE
First 150 of 471 actions detected
| 0:03 | Build | House |
| 0:06 | Build | House |
| 0:16 | Research | Loom |
| 0:16 | Create | Villager (Male) |
| 0:16 | Create | Villager (Male) |
| 0:16 | Create | Villager (Male) |
| 0:16 | Create | Villager (Male) |
| 0:29 | Build | Palisade Wall |
| 0:43 | Build | Palisade Wall |
| 2:31 | Build | Palisade Wall |
| 2:48 | Build | Palisade Wall |
| 5:18 | Create | Villager (Male) |
| 5:18 | Create | Villager (Male) |
| 5:45 | Create | Villager (Male) |
| 6:33 | Create | Villager (Male) |
| 6:56 | Create | Villager (Male) |
| 6:57 | Create | Villager (Male) |
| 8:07 | Create | Villager (Male) |
| 8:10 | Build | House |
| 8:32 | Create | Villager (Male) |
| 8:58 | Create | Villager (Male) |
| 8:58 | Create | Villager (Male) |
| 8:59 | Create | Villager (Male) |
| 9:11 | Build | Mill |
| 10:12 | Create | Villager (Male) |
| 10:43 | Create | Villager (Male) |
| 11:09 | Create | Villager (Male) |
| 11:16 | Research | Feudal Age |
| 12:04 | Build | Mining Camp |
| 12:10 | Create | Villager (Male) |
| 12:11 | Create | Villager (Male) |
| 12:11 | Create | Villager (Male) |
| 12:11 | Create | Villager (Male) |
| 13:16 | Build | Lumber Camp |
| 13:44 | Age | Feudal Age |
| 13:55 | Build | House |
| 14:22 | Build | Watch Tower |
| 15:02 | Build | Mining Camp |
| 15:21 | Build | House |
| 16:14 | Build | Barracks |
| 16:17 | Create | Villager (Male) |
| 16:17 | Create | Villager (Male) |
| 16:18 | Create | Villager (Male) |
| 16:18 | Create | Villager (Male) |
| 16:36 | Build | Farm |
| 17:32 | Create | Villager (Male) |
| 17:33 | Create | Villager (Male) |
| 17:37 | Build | Farm |
| 17:37 | Build | Farm |
| 17:38 | Build | Farm |
| 17:43 | Build | House |
| 18:03 | Build | Farm |
| 18:04 | Build | Farm |
| 18:17 | Build | House |
| 18:42 | Build | Market |
| 18:52 | Create | Villager (Male) |
| 18:53 | Create | Villager (Male) |
| 18:58 | Build | Farm |
| 18:59 | Build | Farm |
| 19:41 | Create | Villager (Male) |
| 19:50 | Build | House |
| 19:52 | Build | House |
| 20:08 | Create | Villager (Male) |
| 20:09 | Create | Villager (Male) |
| 20:12 | Build | Farm |
| 20:13 | Build | Farm |
| 20:58 | Create | Villager (Male) |
| 21:01 | Build | Farm |
| 21:03 | Build | Farm |
| 21:04 | Build | Farm |
| 21:06 | Create | Villager (Male) |
| 21:06 | Create | Villager (Male) |
| 21:17 | Build | Barracks |
| 22:18 | Research | Castle Age |
| 22:43 | Build | Stable |
| 23:31 | Research | Double-Bit Axe |
| 23:35 | Research | Gold Mining |
| 23:37 | Research | Stone Mining |
| 24:07 | Build | Stable |
| 24:26 | Create | Villager (Male) |
| 24:27 | Create | Villager (Male) |
| 24:27 | Create | Villager (Male) |
| 24:28 | Create | Villager (Male) |
| 24:28 | Create | Villager (Male) |
| 24:31 | Create | Villager (Male) |
| 24:43 | Create | Villager (Male) |
| 24:58 | Age | Castle Age |
| 25:11 | Build | Town Center |
| 25:21 | Build | Castle |
| 25:28 | Build | Farm |
| 25:28 | Build | Farm |
| 25:29 | Build | Farm |
| 25:31 | Build | Farm |
| 25:32 | Build | Farm |
| 25:33 | Build | Farm |
| 25:41 | Research | Horse Collar |
| 26:29 | Build | Farm |
| 26:50 | Research | Bow Saw |
| 26:55 | Create | Villager (Male) |
| 26:55 | Create | Villager (Male) |
| 26:55 | Create | Villager (Male) |
| 26:55 | Create | Villager (Male) |
| 26:56 | Create | Villager (Male) |
| 27:10 | Build | Siege Workshop |
| 27:14 | Build | Farm |
| 27:24 | Create | Villager (Male) |
| 27:25 | Create | Villager (Male) |
| 27:25 | Create | Villager (Male) |
| 27:25 | Create | Villager (Male) |
| 27:26 | Create | Villager (Male) |
| 27:44 | Build | Farm |
| 27:57 | Build | House |
| 27:58 | Build | House |
| 28:00 | Build | House |
| 28:09 | Build | Lumber Camp |
| 28:27 | Build | Stone Wall |
| 28:31 | Create | Spearman |
| 28:31 | Create | Spearman |
| 28:31 | Create | Spearman |
| 28:31 | Create | Spearman |
| 28:31 | Create | Spearman |
| 28:31 | Create | Spearman |
| 28:31 | Create | Spearman |
| 28:32 | Create | Spearman |
| 28:53 | Research | Pikeman (upgrade) |
| 28:54 | Create | Spearman |
| 28:54 | Create | Spearman |
| 28:54 | Create | Spearman |
| 28:54 | Create | Spearman |
| 28:55 | Create | Spearman |
| 28:55 | Create | Spearman |
| 29:26 | Build | Stone Wall |
| 30:09 | Build | Siege Workshop |
| 30:12 | Create | Scorpion |
| 30:12 | Create | Scorpion |
| 30:12 | Create | Scorpion |
| 30:12 | Create | Scorpion |
| 30:18 | Create | Villager (Male) |
| 30:18 | Create | Villager (Male) |
| 30:19 | Create | Villager (Male) |
| 30:19 | Create | Villager (Male) |
| 30:19 | Create | Villager (Male) |
| 30:30 | Build | Farm |
| 30:33 | Build | Farm |
| 30:35 | Build | Farm |
| 30:39 | Build | Farm |
| 30:41 | Build | Farm |
| 30:44 | Create | Villager (Male) |
| 30:45 | Create | Villager (Male) |
| 30:45 | Create | Villager (Male) |
Build order — Kjarstad7
First 150 of 270 actions detected
| 0:13 | Build | Palisade Wall |
| 0:17 | Research | Loom |
| 0:18 | Create | Villager (Male) ×4 |
| 0:18 | Create | Villager (Male) ×4 |
| 0:46 | Build | House |
| 0:50 | Build | House |
| 0:56 | Build | Mill |
| 4:57 | Create | Villager (Male) |
| 4:57 | Create | Villager (Male) |
| 8:02 | Build | Palisade Wall |
| 8:10 | Build | Palisade Gate |
| 8:28 | Build | Palisade Wall |
| 8:58 | Build | Palisade Wall |
| 9:06 | Build | House |
| 9:43 | Build | House |
| 9:48 | Create | Villager (Male) ×2 |
| 9:48 | Create | Villager (Male) ×2 |
| 11:27 | Build | Palisade Wall |
| 11:41 | Create | Villager (Male) |
| 11:41 | Create | Villager (Male) |
| 13:43 | Create | Villager (Male) |
| 13:44 | Create | Villager (Male) |
| 14:39 | Create | Villager (Male) |
| 14:39 | Create | Villager (Male) |
| 15:03 | Create | Villager (Male) |
| 15:38 | Create | Villager (Male) |
| 15:38 | Create | Villager (Male) |
| 16:15 | Create | Villager (Male) |
| 16:15 | Create | Villager (Male) |
| 17:25 | Build | House |
| 17:33 | Build | House |
| 17:35 | Build | House |
| 17:48 | Build | Lumber Camp |
| 18:33 | Create | Villager (Male) |
| 18:33 | Create | Villager (Male) |
| 18:34 | Create | Villager (Male) |
| 18:34 | Create | Villager (Male) |
| 18:34 | Create | Villager (Male) |
| 19:25 | Create | Villager (Male) |
| 19:25 | Create | Villager (Male) |
| 19:26 | Create | Villager (Male) |
| 19:26 | Create | Villager (Male) |
| 20:07 | Build | Mining Camp |
| 20:15 | Build | House |
| 20:17 | Build | House |
| 20:20 | Build | House |
| 20:25 | Build | House |
| 20:34 | Create | Villager (Male) ×2 |
| 20:34 | Create | Villager (Male) ×2 |
| 21:22 | Build | Farm |
| 21:25 | Build | Farm |
| 21:26 | Build | Farm |
| 21:33 | Build | Farm |
| 21:35 | Create | Villager (Male) |
| 21:35 | Create | Villager (Male) |
| 21:57 | Create | Villager (Male) |
| 21:58 | Create | Villager (Male) |
| 22:04 | Build | Farm |
| 22:21 | Create | Villager (Male) |
| 22:22 | Create | Villager (Male) |
| 22:33 | Build | Farm |
| 22:41 | Build | Farm |
| 22:51 | Build | Farm |
| 23:06 | Create | Villager (Male) |
| 23:06 | Create | Villager (Male) |
| 23:06 | Create | Villager (Male) |
| 23:44 | Create | Villager (Male) |
| 23:45 | Create | Villager (Male) |
| 23:45 | Create | Villager (Male) |
| 24:31 | Build | Farm |
| 24:40 | Build | Farm |
| 24:40 | Build | Farm |
| 24:41 | Build | Farm |
| 24:42 | Build | Farm |
| 24:54 | Build | Mill |
| 24:57 | Build | Farm |
| 25:04 | Build | Farm |
| 25:11 | Create | Villager (Male) |
| 25:12 | Create | Villager (Male) |
| 25:47 | Create | Villager (Male) |
| 26:19 | Research | Feudal Age |
| 27:32 | Build | Farm |
| 27:34 | Build | Farm |
| 27:35 | Build | Farm |
| 27:45 | Build | Farm |
| 27:54 | Build | Farm |
| 28:47 | Build | Stone Wall |
| 28:55 | Research | Town Watch |
| 28:55 | Research | Town Watch |
| 28:57 | Research | Wheelbarrow |
| 28:58 | Create | Villager (Male) ×5 |
| 28:58 | Create | Villager (Male) ×5 |
| 28:58 | Create | Villager (Male) ×5 |
| 28:59 | Create | Villager (Male) ×3 |
| 29:07 | Research | Double-Bit Axe |
| 29:37 | Build | Stone Wall |
| 29:45 | Build | Stone Wall |
| 29:52 | Build | Stone Wall |
| 30:11 | Research | Horse Collar |
| 30:16 | Research | Gold Mining |
| 30:18 | Research | Stone Mining |
| 31:51 | Build | Mill |
| 33:14 | Build | Farm |
| 33:18 | Build | Farm |
| 33:21 | Create | Villager (Male) |
| 33:21 | Create | Villager (Male) |
| 33:21 | Create | Villager (Male) |
| 34:40 | Build | Market |
| 34:49 | Build | Blacksmith |
| 36:15 | Research | Castle Age |
| 36:31 | Build | Lumber Camp |
| 36:47 | Build | Mining Camp |
| 37:30 | Research | Forging |
| 37:34 | Research | Fletching |
| 37:36 | Research | Scale Mail Armor |
| 37:37 | Research | Scale Barding Armor |
| 37:38 | Research | Padded Archer Armor |
| 38:12 | Build | Barracks |
| 38:16 | Build | Barracks |
| 38:22 | Build | Barracks |
| 38:36 | Build | Lumber Camp |
| 39:23 | Build | Town Center |
| 39:33 | Research | Hand Cart |
| 39:34 | Create | Villager (Male) ×5 |
| 39:34 | Create | Villager (Male) ×5 |
| 39:34 | Create | Villager (Male) ×5 |
| 39:34 | Create | Villager (Male) ×4 |
| 39:55 | Research | Bow Saw |
| 40:06 | Research | Heavy Plow |
| 40:14 | Research | Stone Shaft Mining |
| 40:15 | Research | Gold Shaft Mining |
| 40:19 | Research | Iron Casting |
| 40:25 | Create | Villager (Male) ×5 |
| 40:25 | Create | Villager (Male) ×5 |
| 40:25 | Create | Villager (Male) ×5 |
| 40:26 | Create | Villager (Male) ×5 |
| 40:50 | Build | House |
| 40:52 | Build | House |
| 40:55 | Build | House |
| 40:57 | Build | House |
| 40:59 | Build | House |
| 41:00 | Build | House |
| 41:01 | Build | House |
| 41:09 | Create | Villager (Male) ×2 |
| 41:09 | Create | Villager (Male) |
| 41:09 | Create | Villager (Male) ×2 |
| 41:09 | Create | Villager (Male) |
| 41:18 | Research | Arson |
| 41:19 | Research | Gambesons |
| 41:22 | Research | Pikeman (upgrade) |
Match timeline
| 0:13 | Kjarstad7 · wall_segment Palisade Wall x14 |
| 0:15 | Hanson · wall_segment Palisade Wall x7 |
| 0:29 | OLOROSO PETE · wall_segment Palisade Wall x12 |
| 0:43 | OLOROSO PETE · wall_segment Palisade Wall x14 |
| 2:15 | Aleksander · wall_segment Palisade Wall x9 |
| 2:31 | OLOROSO PETE · wall_segment Palisade Wall x12 |
| 2:48 | OLOROSO PETE · wall_segment Palisade Wall x11 |
| 4:05 | Aleksander · wall_segment Palisade Wall x13 |
| 4:17 | Hanson · wall_segment Palisade Wall x1 |
| 8:02 | Kjarstad7 · wall_segment Palisade Wall x9 |
| 8:28 | Kjarstad7 · wall_segment Palisade Wall x13 |
| 8:42 | Aleksander · wall_segment Palisade Wall x11 |
| 8:58 | Kjarstad7 · wall_segment Palisade Wall x20 |
| 10:16 | Aleksander · wall_segment Palisade Wall x10 |
| 11:27 | Kjarstad7 · wall_segment Palisade Wall x9 |
| 11:30 | Hanson · wall_segment Palisade Wall x1 |
| 13:44 | OLOROSO PETE · age_up feudal |
| 16:14 | OLOROSO PETE · first_building Barracks |
| 17:05 | Aleksander · age_up feudal |
| 17:08 | Aleksander · first_building Stable |
| 17:45 | Aleksander · wall_segment Stone Wall x9 |
| 19:03 | Hanson · age_up feudal |
| 19:07 | Aleksander · wall_segment Stone Wall x10 |
| 19:11 | Hanson · wall_segment Stone Wall x8 |
| 20:20 | OLOROSO PETE · first_market_buy 100 food |
| 21:25 | Hanson · wall_segment Stone Wall x8 |
| 22:16 | Hanson · first_building Barracks |
| 22:43 | OLOROSO PETE · first_building Stable |
| 23:55 | OLOROSO PETE · first_market_sell 100 wood |
| 24:41 | Hanson · wall_segment Stone Wall x7 |
| 24:58 | OLOROSO PETE · age_up castle |
| 25:21 | OLOROSO PETE · first_building Castle |
| 26:07 | Aleksander · first_building Archery Range |
| 27:10 | OLOROSO PETE · first_building Siege Workshop |
| 28:27 | OLOROSO PETE · wall_segment Stone Wall x8 |
| 28:47 | Kjarstad7 · wall_segment Stone Wall x19 |
| 29:26 | OLOROSO PETE · wall_segment Stone Wall x11 |
| 29:36 | Hanson · first_market_buy 100 wood |
| 29:37 | Kjarstad7 · wall_segment Stone Wall x14 |
| 29:45 | Kjarstad7 · wall_segment Stone Wall x14 |
| 29:45 | Hanson · age_up castle |
| 29:48 | Hanson · first_market_sell 100 stone |
| 29:52 | Kjarstad7 · wall_segment Stone Wall x15 |
| 30:12 | Aleksander · first_building Barracks |
| 32:20 | Aleksander · age_up castle |
| 32:29 | Aleksander · first_building Castle |
| 34:08 | Hanson · first_building Castle |
| 35:48 | OLOROSO PETE · age_up imperial |
| 36:30 | Aleksander · first_building Monastery |
| 36:41 | Hanson · first_building Siege Workshop |
| 38:12 | Kjarstad7 · first_building Barracks |
| 38:39 | OLOROSO PETE · wall_segment Stone Wall x11 |
| 38:51 | Hanson · first_building Monastery |
| 42:25 | Kjarstad7 · first_building Monastery |
| 42:36 | Aleksander · wall_segment Stone Wall x11 |
| 44:32 | Hanson · age_up imperial |
| 44:42 | Aleksander · wall_segment Stone Wall x13 |
| 45:15 | Aleksander · first_building Siege Workshop |
| 46:55 | Aleksander · wall_segment Stone Wall x5 |
| 48:13 | Kjarstad7 · first_building Siege Workshop |
| 49:36 | Aleksander · first_market_sell 100 food |
| 51:06 | Aleksander · resign |
| 59:04 | Kjarstad7 · first_building Castle |
[ AI ANALYSIS · 1 CREDIT ]
What really happened in this match?
Wolo.gg analyzes every decision: build order, eco, micro, common mistakes by bracket. Personalized analysis on WhatsApp or Discord in 30 seconds.
Civ guide
Khmer
Perfil
Jugador #5455319